 Dungeon Sprint DCSS version 0.22-a0-422-g9628fc8 (webtiles) character file.

434 Kidiri the Thaumaturge (level 6, -2/38 HPs)
             Began as a Deep Elf Fire Elementalist on May 22, 2018.
             Was a Believer of Vehumet.
             Killed from afar by an efreet (18 damage)
             ... with a fireball
             ... in the Dungeon (Sprint IX: "|||||||||||||||||||||||||||||").
             The game lasted 00:04:33 (517 turns).

Kidiri the Thaumaturge (Deep Elf Fire Elementalist)  Turns: 517, Time: 00:04:34

Health: -2/38      AC:  4    Str:  5    XL:     6   Next: 68%
Magic:  21/21      EV: 20    Int: 22    God:    Vehumet [**....]
Gold:   0          SH:  0    Dex: 15    Spells: 7/25 levels left

rFire    . . .     SeeInvis .   o - +2 rapier (drain)
rCold    . . .     Gourm    .   (no shield)
rNeg     . . .     Faith    .   a - +0 robe
rPois    .         Spirit   .   (no helmet)
rElec    .         Reflect  .   p - +0 cloak
rCorr    .         Harm     .   j - +0 pair of gloves
MR       .....     NoTele   +   (no boots)
Stlth    ++........             (no amulet)
HPRegen  0.12/turn              q - +2 ring of evasion
MPRegen  0.17/turn              r - +2 ring of evasion

@: very slightly contaminated, invisible
A: no striking features
a: Renounce Religion


You were in the Dungeon.
You worshipped Vehumet.
Vehumet was pleased with you.
You were not hungry.

You visited 1 branch

Inventory:

Hand Weapons
 o - a +2 rapier of draining (weapon)
Armour
 a - a +0 robe (worn)
 j - a +0 pair of gloves (worn)
 p - a +0 cloak (worn)
Jewellery
 q - a +2 ring of evasion (left hand)
 r - a +2 ring of evasion (right hand)
Wands
 n - a wand of iceblast (10)
Scrolls
 i - 2 scrolls of blinking
 l - 3 scrolls of remove curse
 m - 2 scrolls of amnesia
Potions
 e - 3 potions of heal wounds
 f - a potion of haste
 g - 4 potions of magic
 h - a potion of berserk rage
 k - 4 potions of curing
Comestibles
 b - 3 chunks of flesh
 c - a ration


   Skills:
 + Level 4.0 Fighting
 + Level 4.3 Short Blades
 + Level 3.9 Armour
 + Level 6.5 Dodging
 - Level 3.3 Stealth
 * Level 10.0 Spellcasting
 + Level 5.5 Conjurations
 + Level 6.4 Fire Magic


You had 7 spell levels left.
You knew the following spells:

 Your Spells              Type           Power        Failure   Level  Hunger
a - Flame Tongue          Conj/Fire      #####        1%          1    None
b - Throw Flame           Conj/Fire      #####.       1%          2    None
c - Conjure Flame         Conj/Fire      #####...     1%          3    None
d - Inner Flame           Hex/Fire       ####....     4%          3    None
e - Sticky Flame          Conj/Fire      #####...     4%          4    ##.....
f - Fireball              Conj/Fire      #####.....   14%         5    ####...

Your spell library contained the following spells:

 Spells                   Type           Power        Failure   Level  Hunger


Dungeon Overview and Level Annotations

Branches:
Dungeon (1/1)

Altars:
Cheibriados
Dithmenos
Elyvilon
Fedhas
Gozag
Hepliaklqana
Kikubaaqudgha
Makhleb
Nemelex Xobeh
Okawaru
Qazlal
Ru
Sif Muna
Trog
Uskayaw
Vehumet
Wu Jian
Xom
Yredelemnul
Zin
The Shining One
Beogh
Jiyva
Lugonu


Message History

Some of the chunks of flesh in your inventory have rotted away.
Magic restored.
You open the door.
A black bear, a worker ant, an ugly thing, an orc warrior, an efreet and a zombie come into view.
The efreet is wielding a scimitar of flaming.
The purple ugly thing gurgles horribly!
The orc warrior shouts!
The efreet gestures at you.
The fireball explodes!
The fireball engulfs you!
Ouch! That really hurt!
Okay, then.
Press: ? - help, v - describe, . - travel
Here: an efreet, wielding a scimitar of flaming The floor.
You fade into invisibility!
You are very lightly contaminated with residual magic.
You completely miss the efreet.
The purple ugly thing is engulfed in blazing flames.
The efreet gestures at you.
The fireball explodes!
The fireball engulfs you!
You die...

▓.▓
▓.▓
▓'▓
▓)▓
▓.▓
▓.▓
▓.▓
▓.▓
▓@▓
▓R▓
▓u▓
▓a▓
▓.▓
▓h▓
▓o▓
▓Z▓


You could see a purple ugly thing, an efreet, an orc warrior, a black bear, a
worker ant and a jackal zombie.

Vanquished Creatures
  A komodo dragon (D)
  A bullfrog (D)
  A wight (D)
  An iguana (D)
  A worker ant (D)
  3 adders (D)
  2 goblins (D)
  A hobgoblin (D)
  A frilled lizard (D)
  2 giant cockroach zombies (D)
  A kobold (D)
  A rat (D)
16 creatures vanquished.

Notes
Turn   | Place    | Note
-------+----------+-------------------------------------------
     0 | D        | Kidiri the Deep Elf Fire Elementalist began the quest for the Orb.
     0 | D        | Reached XP level 1. HP: 10/10 MP: 6/6
    76 | D        | Noticed a worker ant
    78 | D        | Reached skill level 1 in Fighting
    78 | D        | Reached skill level 1 in Armour
    78 | D        | Reached skill level 4 in Spellcasting
    78 | D        | Reached XP level 2. HP: 16/16 MP: 6/9
    86 | D        | Reached skill level 5 in Spellcasting
    86 | D        | Reached XP level 3. HP: 21/21 MP: 0/12
    95 | D        | Learned a level 2 spell: Throw Flame
    99 | D        | Learned a level 3 spell: Conjure Flame
   103 | D        | Learned a level 3 spell: Inner Flame
   110 | D        | Found a roughly hewn altar of Beogh.
   110 | D        | Found a snail-covered altar of Cheibriados.
   110 | D        | Found a shadowy altar of Dithmenos.
   110 | D        | Found a white marble altar of Elyvilon.
   110 | D        | Found a blossoming altar of Fedhas.
   110 | D        | Found an opulent altar of Gozag.
   111 | D        | Found a hazy altar of Hepliaklqana.
   112 | D        | Found a viscous altar of Jiyva.
   113 | D        | Found an ancient bone altar of Kikubaaqudgha.
   114 | D        | Found a corrupted altar of Lugonu.
   115 | D        | Found a burning altar of Makhleb.
   116 | D        | Found a sparkling altar of Nemelex Xobeh.
   117 | D        | Found an iron altar of Okawaru.
   118 | D        | Found a stormy altar of Qazlal.
   119 | D        | Found a sacrificial altar of Ru.
   120 | D        | Found a deep blue altar of Sif Muna.
   121 | D        | Found a bloodstained altar of Trog.
   122 | D        | Found a hide-covered altar of Uskayaw.
   123 | D        | Found a radiant altar of Vehumet.
   124 | D        | Found an ornate altar of the Wu Jian Council.
   125 | D        | Found a shimmering altar of Xom.
   126 | D        | Found a basalt altar of Yredelemnul.
   127 | D        | Found a glowing silver altar of Zin.
   128 | D        | Found a glowing golden altar of the Shining One.
   131 | D        | Became a worshipper of Vehumet
   180 | D        | Noticed a bullfrog
   180 | D        | Noticed a komodo dragon
   189 | D        | Reached skill level 1 in Short Blades
   189 | D        | Reached skill level 6 in Spellcasting
   189 | D        | Reached XP level 4. HP: 26/26 MP: 0/14
   292 | D        | Killed a bullfrog
   292 | D        | Reached skill level 5 in Dodging
   292 | D        | Reached skill level 7 in Spellcasting
   292 | D        | Reached skill level 5 in Fire Magic
   292 | D        | Reached XP level 5. HP: 32/32 MP: 10/17
   292 | D        | Reached * piety under Vehumet
   292 | D        | Offered knowledge of Sting by Vehumet.
   300 | D        | Killed a komodo dragon
   300 | D        | Reached skill level 9 in Spellcasting
   300 | D        | Reached skill level 5 in Conjurations
   300 | D        | Reached XP level 6. HP: 16/38 MP: 5/20
   313 | D        | Learned a level 4 spell: Sticky Flame
   319 | D        | Learned a level 5 spell: Fireball
   482 | D        | Reached ** piety under Vehumet
   482 | D        | Offered knowledge of Freeze by Vehumet.
   482 | D        | Reached skill level 10 in Spellcasting
   515 | D        | Noticed an efreet
   515 | D        | Noticed a purple ugly thing
   515 | D        | Noticed an orc warrior
   517 | D        | Killed from afar by an efreet

Vault maps used:
D:        linesprint

Skill      XL: |  1  2  3  4  5  6 |
---------------+-------------------+-----
Stealth        | 3 |  3.3
Fighting       | 1 2 4 |  4.0
Armour         | 1 2 3 |  3.9
Dodging        | 3 4 5 6 |  6.5
Spellcasting   | 4 5 6 7 9 10 | 10.0
Conjurations   | 2 3 4 5 |  5.5
Fire Magic     | 4 5 6 |  6.4
Short Blades   | 1 2 4 |  4.3

Action                   |  1- 3 |  4- 6 || total
-------------------------+-------+-------++-------
Melee: Unarmed           |     1 |       ||     1
       Whip              |     1 |       ||     1
       Rapier            |       |     1 ||     1
 Cast: Flame Tongue      |    20 |    17 ||    37
       Conjure Flame     |     1 |     1 ||     2
       Sticky Flame      |       |     1 ||     1
  Use: Potion            |     1 |     1 ||     2
Dodge: Dodged            |     8 |     3 ||    11

Table legend:
 A = Spawn XP
 B = Non-spawn XP
 C = Spawn XP percentage of total XP
 D = Spawn monster count
 E = Non-spawn monster count
 F = Spawn count percentage of total count
 G = Total turns spent on level
                    A         B        C        D         E        F      G
               +---------+---------+-------+---------+---------+-------+---------
         Total |       0 |     621 |   0.0 |       0 |      16 |   0.0 |   517
               +---------+---------+-------+---------+---------+-------+---------
             D |       0 |     621 |   0.0 |       0 |      16 |   0.0 |   517
               +---------+---------+-------+---------+---------+-------+---------
